 Dungeon Crawl Stone Soup version 0.31-a0-1338-gb567cfdca4 (webtiles) character file.

Game seed: 5379618982479187844

86630 Aldia the Marksoctopus (level 15, -4/101 HPs)
             Began as an Octopode Alchemist on Dec 22, 2023.
             Was the Champion of Fedhas.
             Killed by divine providence
             ... invoked by a meliai
             ... summoned by a boggart
              (10 damage)
             ... on level 13 of the Dungeon.
             The game lasted 01:27:19 (22829 turns).

Aldia the Marksoctopus (Octopode Alchemist)        Turns: 22829, Time: 01:27:20

Health: -4/101     AC: 15    Str:  8    XL:     15   Next: 87%
Magic:  17/23      EV: 26    Int: 20    God:    Fedhas [******]
Gold:   325        SH: 18    Dex: 17    Spells: 1/24 levels left

rFire   . . .        d - +5 hand cannon (freeze)
rCold   . . .        H - +1 kite shield
rNeg    + . .        G - +2 hat
rPois   .            g - amulet of reflection
rElec   .            i - +4 ring of protection
rCorr   +            x - ring of wizardry
SInv    .            m - +4 ring of protection
Will    +....        s - ring of flight
Stlth   ++++         J - ring of resist corrosion
HPRegen 0.36/turn    K - ring of positive energy
MPRegen 0.18/turn    P - +4 ring of protection
                     U - ring of the Hare {EV+10}

%: reflection, wizardry (x1)
@: on blink cooldown, flying
A: almost no armour, amphibious, 8 rings, camouflage 1, gelatinous body 1,
(nimble swimmer 1), tentacles
a: Renounce Religion, Wall of Briars, Grow Ballistomycete, Overgrow, Grow Oklob


You were on level 13 of the Dungeon.
You worshipped Fedhas.
Fedhas was exalted by your worship.
You visited 4 branches of the dungeon, and saw 21 of its levels.
You visited 1 bazaar.
You also visited: Sewer and Bailey.

You collected 1911 gold pieces.
You spent 1586 gold pieces at shops.

Inventory:

Hand Weapons
 d - a +5 hand cannon of freezing (weapon)
 E - a +2 orcbow of draining
Missiles
 W - 2 throwing nets
Armour
 G - a +2 hat (worn)
 H - a +1 kite shield (worn)
Jewellery
 g - an amulet of reflection (around mantle)
 i - a +4 ring of protection (left tentacle)
 m - a +4 ring of protection (on tentacle)
 s - a ring of flight (on tentacle)
 x - a ring of wizardry (right tentacle)
 y - an amulet of regeneration
 J - a ring of resist corrosion (on tentacle)
 K - a ring of positive energy (on tentacle)
 M - an amulet of magic regeneration
 P - a +4 ring of protection (on tentacle)
 U - the ring of the Hare (on tentacle) {EV+10}
   (You found it on level 5 of the Lair of Beasts)

   [ring of evasion]

   EV+10:     It affects your evasion (+10).
Talismans
 h - a flux talisman
 u - a talisman of death
Wands
 c - a wand of paralysis (15)
 o - a wand of quicksilver (15)
 A - a wand of iceblast (40)
 B - a wand of flame (21)
 D - a wand of digging (11)
Scrolls
 f - 2 scrolls of fog
 l - 3 scrolls of vulnerability
 p - 6 scrolls of teleportation
 q - 2 scrolls of revelation
 t - a scroll of amnesia
 C - 6 scrolls of poison
 F - 2 scrolls of immolation
 N - a scroll of blinking
 O - a scroll of summoning
 S - a scroll of brand weapon
 T - 2 scrolls of fear
Potions
 a - 2 potions of magic
 b - 8 potions of mutation
 e - 14 potions of curing
 j - 3 potions of brilliance
 n - 2 potions of berserk rage
 r - 2 potions of ambrosia
 v - 2 potions of haste
 w - 6 potions of enlightenment
 z - 2 potions of lignification
 L - a potion of invisibility
 Q - 2 potions of heal wounds
 R - a potion of resistance
 V - a potion of attraction
 X - a potion of might
Miscellaneous
 I - a lightning rod (4/4)


   Skills:
 + Level 9.2 Fighting
 * Level 15.4 Ranged Weapons
 - Level 8.2 Dodging
 - Level 6.1 Stealth
 + Level 10.8 Shields
 - Level 5.1 Spellcasting
 - Level 2.0 Conjurations
 + Level 5.7 Hexes
 - Level 5.0 Translocations
 - Level 3.0 Air Magic
 - Level 9.0 Alchemy
 - Level 11.0 Invocations


You had one spell level left.
You knew the following spells:

 Your Spells              Type           Power      Damage    Failure   Level
a - Blink                 Tloc           50%        N/A       2%          2
b - Mercury Vapours       Alch/Air       58%        N/A       1%          2
c - Mephitic Cloud        Conj/Alch/Air  23%        N/A       6%          3
d - Olgreb's Toxic Radia  Alch           41%        N/A       3%          4
e - Yara's Violent Unrav  Hex/Alch       17%        3d8       21%         5
f - Dimensional Bullseye  Hex/Tloc       13%        N/A       16%         4
g - Tukima's Dance        Hex            28%        N/A       4%          3

Your spell library contained the following spells:

 Spells                   Type           Power      Damage    Failure   Level
 Sting                    Conj/Alch      100%       1d9       1%          1
 Magic Dart               Conj           52%        1d5       6%          1
 Summon Small Mammal      Summ           20%        N/A       16%         1
 Jinxbite                 Hex            56%        N/A       2%          2
 Searing Ray              Conj           26%        2d5       10%         2
 Summon Guardian Golem    Hex/Summ       16%        N/A       14%         3
 Fulminant Prism          Conj/Alch      13%        3d9       16%         4
 Call Imp                 Summ           10%        N/A       22%         2
 Sublimation of Blood     Necr           5%         N/A       22%         2
 Leda's Liquefaction      Alch/Erth      11%        N/A       22%         4
 Petrify                  Alch/Erth      23%        N/A       22%         4
 Sticky Flame             Fire/Alch      23%        2d6       22%         4
 Iskenderun's Mystic Bla  Conj/Tloc      19%        2d6       32%         4
 Call Canine Familiar     Summ           5%         N/A       38%         3
 Frozen Ramparts          Ice            10%        1d2       38%         3
 Metabolic Englaciation   Hex/Ice        8%         N/A       75%         5
 Freezing Cloud           Conj/Ice/Air   5%         6-21      87%         5
 Enfeeble                 Hex            14%        N/A       100%        7
 Summon Hydra             Summ           2%         N/A       100%        7


Dungeon Overview and Level Annotations

Branches:
Dungeon (13/15)            Temple (1/1) D:5            Lair (5/5) D:9
 Shoals (0/4) Lair:3        Snake (0/4) Lair:3        Slime (0/5) Lair:4
    Orc (2/2) D:10            Elf (0/3) Orc:2         Sewer (visited)
 Bailey (visited)
 Vaults: D:13-14

Altars:
Ashenzari
Cheibriados
Dithmenos
Elyvilon
Fedhas
Gozag
Hepliaklqana
Kikubaaqudgha
Makhleb
Nemelex Xobeh
Okawaru
Qazlal
Ru
Sif Muna
Trog
Uskayaw
Vehumet
Wu Jian
Xom
Yredelemnul
Zin
The Shining One
Jiyva

Shops:
D:1 [   D:6 (   Orc:2 **(*


Innate Abilities, Weirdness & Mutations

You cannot wear most types of armour.
You are amphibious.
You can wear up to eight rings at the same time.
Your skin changes colour to match your surroundings (Stealth+).
Your rubbery body absorbs attacks. (AC +1, EV +1)
((You are camouflaged when in or above water. (Stealth+)))
You have tentacles for arms and can constrict up to eight enemies at once.


Message History

The boggart mumbles some strange words.
You shoot a bolt. The bolt barely misses the boggart.
Something barely misses you. Something hits you. You block the meliai's attack.
The meliai stings you but does no damage.
You block the centaur warrior's attack. x2; The boggart closely misses you.
The meliai closely misses you. The meliai completely misses you. x2
The meliai barely misses you. The two-headed ogre closely misses you.
The two-headed ogre hits you with a +0 giant club!
The centaur warrior hits you!
The centaur warrior completely misses you.
You shoot a bolt. The bolt completely misses the boggart.
Something closely misses you. You block the meliai's attack.
The meliai closely misses you. You block the meliai's attack.
The meliai misses you. You block the centaur warrior's attack.
The centaur warrior kicks you but does no damage.
The meliai hits you with a +0 war axe! The meliai completely misses you.
The meliai closely misses you. x2; The meliai completely misses you.
The meliai stings you but does no damage.
The centaur warrior closely misses you. x2
The two-headed ogre hits you with a +0 giant club!
* * * LOW HITPOINT WARNING * * *
The two-headed ogre closely misses you. The meliai hits you with a +0 hand axe!
* * * LOW HITPOINT WARNING * * *
The meliai completely misses you. x2
The meliai stings you but does no damage.
The meliai completely misses you. The meliai closely misses you.
Unknown command.
Unknown command.
Casting: Mercury Vapours (safe; 1% risk of failure)
Confirm with . or Enter, or press ? or * to list all spells.
You blink.
You block something's attack.
The meliai mumbles some strange prayers to its god against you.
Something smites you!
* * * LOW HITPOINT WARNING * * *
You block something's attack. The meliai closely misses you.
You block the meliai's attack.
The meliai calls down the wrath of its god upon you.
Something smites you!
You die...
Fedhas appreciates your contribution to the ecosystem.

#..#.....# #####.#
#..#..c..# ##...#.##
+..g.g...# ##.......## +..'
....###.........#
#####..#######..........###
......°yc..................
......Ogc.......#..........
#####..#yy####..##.........
+.g#..@..##.######.....
+..#.....##.######..###
#..#.....##.>.......#
#..#.....#########.##
#..#.....# #.####
#..####### #..... #.#...
######


You could see 2 centaur warriors, a two-headed ogre (summoned), 3 meliai and a
boggart (poisoned, weak).

Vanquished Creatures
  Snorg (Orc:1)
  Josephine (Lair:4)
  Harold (D:11)
  Fannar (Lair:1)
  A catoblepas (Lair:2)
  A boulder beetle (D:12)
  5 two-headed ogres
  6 death yaks
  Nergalle (D:11)
  Urug (Lair:4)
  3 orc high priests (Orc:2)
  Sonja (Lair:4)
  3 skysharks
  An orc knight (Orc:2)
  An ugly thing (D:12)
  7 cyclopes
  3 orc sorcerers (Orc:2)
  11 black mambas
  6 elephants
  A salamander (Lair:3)
  Joseph (D:7)
  A water nymph (Lair:3)
  A yaktaur (D:11)
  12 cane toads
  Jeremiah (D:6)
  A kobold demonologist (D:10)
  3 rime drakes
  10 komodo dragons
  Psyche (D:8)
  2 polar bears (Lair:4)
  8 trolls
  A merfolk (Lair:3)
  A hornet (D:7)
  2 tyrant leeches (Lair:5)
  Prince Ribbit (D:7)
  A dream sheep (Lair:2)
  2 raiju (D:8)
  12 blink frogs
  2 shadows
  7 wraiths
  Sigmund (D:4)
  3 wyverns
  68 yaks
  4 basilisks
  6 wargs
  A steam dragon (D:7)
  14 vampire mosquitoes
  3 nagas (Lair:3)
  3 acid dragons
  16 water moccasins
  25 orc warriors
  A sky beast (D:8)
  5 ogres
  3 black bears
  2 wolves (Lair:2)
  6 centaurs
  A phantom (D:5)
  7 kobold brigands
  17 bullfrogs
  A gnoll sergeant (D:9)
  2 scorpions
  3 wights (D:8)
  5 howler monkeys
  5 electric eels (D:8)
  4 hounds
  3 jellies
  28 orc priests
  A gnoll bouda (D:6)
  3 iguanas
  35 orc wizards
  11 gnolls
  12 adders
  2 river rats
  A shadow imp (D:5)
  A white imp (D:5)
  2 ufetubi (D:7)
  6 worms
  A dart slug (D:5)
  60 orcs
  8 bats
  10 endoplasms
  5 giant cockroaches
  8 hobgoblins
  3 quokkas
  6 ball pythons
  5 frilled lizards
  7 goblins
  27 kobolds
  13 rats
590 creatures vanquished.

Vanquished Creatures (collateral kills)
  A hydra (Lair:2)
  An orc high priest (Orc:2)
  An orc sorcerer (Orc:2)
  A black mamba (Lair:2)
  A hornet (D:7)
  Edmund (D:4)
  An orc warrior (Bailey)
  2 kobold brigands (Bailey)
  2 orc wizards (Orc:2)
  An orc (Orc:2)
  8 ballistomycete spores
20 creatures vanquished.

Vanquished Creatures (others)
  A kobold brigand (D:5)
  A sleepcap (D:6)
2 creatures vanquished.

Grand Total: 612 creatures vanquished

Notes
Turn   | Place    | Note
-------+----------+-------------------------------------------
     0 | D:1      | Aldia the Octopode Alchemist began the quest for the Orb.
     0 | D:1      | Reached XP level 1. HP: 11/11 MP: 3/3
   150 | D:1      | Reached XP level 2. HP: 9/18 MP: 1/5
   391 | D:1      | Found Vuriod's Armour Shop.
   451 | D:1      | Learned a level 2 spell: Mercury Vapours
   597 | D:1      | Reached skill level 1 in Fighting
   936 | D:2      | Reached XP level 3. HP: 23/23 MP: 3/6
   940 | D:2      | Learned a level 3 spell: Mephitic Cloud
  1764 | D:3      | Found a blossoming altar of Fedhas.
  2044 | D:3      | Reached skill level 1 in Air Magic
  2161 | D:4      | Identified a scroll of acquirement
  2161 | D:4      | Acquired a +1 hand cannon of freezing
  2184 | D:3      | Became a worshipper of Fedhas Madash
  2198 | D:4      | Noticed Edmund
  2350 | D:4      | Reached XP level 4. HP: 28/28 MP: 3/7
  2395 | D:4      | Noticed an ogre
  2510 | D:4      | Killed an ogre
  2511 | D:4      | Reached skill level 1 in Ranged Weapons
  2511 | D:4      | Reached XP level 5. HP: 34/34 MP: 0/9
  2849 | D:4      | Reached XP level 6. HP: 33/39 MP: 8/10
  2851 | D:4      | Reached skill level 2 in Ranged Weapons
  2863 | D:4      | Found a glowing drain.
  2867 | Sewer    | Entered a sewer
  2900 | Sewer    | Learned a level 4 spell: Olgreb's Toxic Radiance
  2989 | Sewer    | Reached * piety under Fedhas
  3159 | Sewer    | Found a viscous altar of Jiyva.
  3181 | Sewer    | Reached ** piety under Fedhas
  3522 | D:4      | Killed Edmund
  3523 | D:4      | Reached skill level 1 in Invocations
  3523 | D:4      | Reached XP level 7. HP: 45/45 MP: 8/11
  3573 | D:4      | Noticed Sigmund
  3577 | D:4      | Killed Sigmund
  3578 | D:4      | Reached skill level 3 in Ranged Weapons
  3578 | D:4      | Reached skill level 5 in Alchemy
  4049 | D:5      | Entered Level 5 of the Dungeon
  4165 | D:5      | Reached skill level 5 in Stealth
  4371 | D:5      | Reached XP level 8. HP: 50/50 MP: 0/12
  4472 | D:5      | Found a staircase to the Ecumenical Temple.
  4479 | Temple   | Entered the Ecumenical Temple
  4569 | D:5      | Reached skill level 4 in Ranged Weapons
  4773 | D:5      | Found a basalt altar of Yredelemnul.
  4816 | D:5      | Found a glowing silver altar of Zin.
  5091 | D:5      | Found a hazy altar of Hepliaklqana.
  5319 | D:6      | Found Safulycw's Weapon Shop.
  5330 | D:6      | Noticed Jeremiah
  5479 | D:6      | Reached skill level 5 in Ranged Weapons
  5715 | D:6      | Found an iron altar of Okawaru.
  5789 | D:6      | Reached XP level 9. HP: 39/57 MP: 13/13
  5813 | D:6      | Reached *** piety under Fedhas
  5851 | D:6      | Reached skill level 6 in Ranged Weapons
  5851 | D:6      | Killed Jeremiah
  6527 | D:7      | Noticed a hornet
  6529 | D:7      | Paralysed by a hornet for 3 turns
  6536 | D:7      | Killed a hornet
  6622 | D:7      | Noticed Prince Ribbit
  6633 | D:7      | Reached skill level 7 in Ranged Weapons
  6643 | D:7      | Killed Prince Ribbit
  7081 | D:7      | Noticed a hornet
  7085 | D:7      | Killed a hornet
  7086 | D:7      | Noticed Joseph
  7093 | D:7      | Reached XP level 10. HP: 57/65 MP: 7/14
  7442 | D:7      | Killed Joseph
  7443 | D:7      | Reached skill level 5 in Fighting
  7443 | D:7      | Reached skill level 8 in Ranged Weapons
  7844 | D:8      | Noticed Psyche
  7850 | D:8      | Killed Psyche
  8166 | D:8      | Reached skill level 5 in Invocations
  8993 | D:8      | Reached skill level 9 in Ranged Weapons
  9403 | D:9      | Noticed a two-headed ogre
  9419 | D:8      | Killed a two-headed ogre
  9420 | D:8      | Reached skill level 5 in Dodging
  9420 | D:8      | Reached skill level 1 in Shields
  9478 | D:9      | Found a shadowy altar of Dithmenos.
  9564 | D:9      | Found a flagged portal.
  9576 | Bailey   | Entered a bailey
  9671 | Bailey   | Reached XP level 11. HP: 72/72 MP: 7/15
  9715 | Bailey   | Reached skill level 10 in Ranged Weapons
  9826 | Bailey   | Found an iron altar of Okawaru.
 10086 | D:9      | Reached **** piety under Fedhas
 10129 | D:9      | Found a staircase to the Lair.
 10310 | D:10     | Entered Level 10 of the Dungeon
 10418 | D:10     | Found a staircase to the Orcish Mines.
 10452 | D:10     | Reached skill level 11 in Ranged Weapons
 10452 | D:10     | Reached skill level 5 in Shields
 10452 | D:10     | Reached XP level 12. HP: 77/77 MP: 16/18
 10453 | D:10     | Reached skill level 12 in Ranged Weapons
 10453 | D:10     | Reached XP level 13. HP: 85/85 MP: 16/19
 10517 | D:10     | Reached skill level 13 in Ranged Weapons
 10676 | D:10     | Reached ***** piety under Fedhas
 11104 | Orc:1    | Entered Level 1 of the Orcish Mines
 11218 | Orc:1    | Noticed Snorg
 11387 | Orc:1    | Killed Snorg
 11670 | Orc:2    | Entered Level 2 of the Orcish Mines
 12102 | Orc:2    | HP: 3/88 [warg[an orc high priest] (15)]
 12294 | Orc:2    | Reached ****** piety under Fedhas
 12321 | Orc:2    | Found a flickering gateway to a bazaar.
 12332 | Bazaar   | Entered a bazaar
 12332 | Bazaar   | Found Huusigou's Antique Armour Boutique.
 12400 | Bazaar   | Found Xekiuj Enua's Book Shoppe.
 12408 | Bazaar   | Found Hoisutin's Antique Weapon Shoppe.
 12431 | Bazaar   | Found Taguhim's General Store.
 12431 | Bazaar   | Found Arphag's Distillery.
 12439 | Bazaar   | Bought a scroll of revelation for 112 gold pieces
 12447 | Bazaar   | Bought a potion of curing for 45 gold pieces
 12473 | Bazaar   | Bought a book of Minor Magic for 144 gold pieces
 12478 | Bazaar   | Learned a level 2 spell: Blink
 12480 | Bazaar   | Bought a book of Misfortune for 306 gold pieces
 12486 | Bazaar   | Learned a level 5 spell: Yara's Violent Unravelling
 12508 | Bazaar   | Bought a potion of berserk rage for 75 gold pieces
 12508 | Bazaar   | Bought a potion of mutation for 120 gold pieces
 12530 | Bazaar   | Bought a book of Weapons for 252 gold pieces
 12597 | Orc:2    | Found Fufaimpi's Assorted Antiques.
 12597 | Orc:2    | Found Nuraavearph's General Store.
 12597 | Orc:2    | Found Fonax's Weapon Shop.
 12600 | Orc:2    | Found Amu Iqut's Assorted Antiques.
 12658 | Orc:2    | Bought a scroll of fear for 92 gold pieces
 12658 | Orc:2    | Bought a peridot ring for 115 gold pieces
 12949 | Orc:2    | Reached skill level 1 in Translocations
 12949 | Orc:2    | Reached XP level 14. HP: 94/94 MP: 6/20
 13035 | Orc:2    | Found a staircase to the Elven Halls.
 13096 | Orc:2    | Reached skill level 14 in Ranged Weapons
 13392 | Orc:2    | Bought a scroll of enchant armour for 97 gold pieces
 13517 | Lair:1   | Entered Level 1 of the Lair of Beasts
 13527 | Lair:1   | Noticed Fannar
 13536 | Lair:1   | HP: 1/94 [Fannar/bolt of cold (35)]
 14512 | Lair:1   | Killed Fannar
 15551 | Lair:2   | Reached skill level 5 in Translocations
 15553 | Lair:2   | Reached skill level 5 in Spellcasting
 15570 | Lair:2   | Learned a level 4 spell: Dimensional Bullseye
 15574 | Lair:2   | Learned a level 3 spell: Tukima's Dance
 15880 | Lair:2   | Reached skill level 1 in Hexes
 16173 | Lair:3   | Found a staircase to the Snake Pit.
 16271 | Lair:3   | Reached skill level 10 in Invocations
 16391 | Lair:3   | Found a staircase to the Shoals.
 17729 | Lair:4   | Noticed Sonja
 17736 | Lair:4   | Killed Sonja
 17740 | Lair:4   | Reached XP level 15. HP: 100/100 MP: 19/22
 17959 | Lair:4   | Noticed Josephine
 17974 | Lair:4   | Killed Josephine
 18141 | Lair:4   | Found a viscous altar of Jiyva.
 18141 | Lair:4   | Found a staircase to the Slime Pits.
 18274 | Lair:4   | Noticed Urug
 18280 | Lair:4   | Killed Urug
 18509 | Lair:5   | Entered Level 5 of the Lair of Beasts
 18816 | Lair:5   | Identified the +1 quarterstaff "Weidghun" {flame, +Blink
                  | rF+ SInv}
 18826 | Lair:5   | Reached skill level 10 in Shields
 20045 | Lair:5   | Found the ring of the Hare {EV+10}
 20157 | Lair:5   | Reached skill level 5 in Hexes
 20395 | D:11     | Reached skill level 15 in Ranged Weapons
 20799 | D:11     | Noticed Harold
 20805 | D:11     | Killed Harold
 21152 | D:11     | Noticed Nergalle
 21174 | D:11     | Killed Nergalle
 21268 | D:11     | You are sucked into a shaft and drop 1 floor!
 21951 | Orc:2    | Bought a potion of heal wounds for 90 gold pieces
 21952 | Orc:2    | Bought 2 potions of curing for 138 gold pieces
 22829 | D:13     | Killed from afar by a meliai

Illustrated notes

Levels and vault maps discovered:
D:1:      saegor_arrival_simple_a, layout_loops_ring, serial_shops,
          nicolae_shop_stone
D:2:      layout_basic
D:3:      layout_rooms, fedhas_ov_isle_minmay, serial_glass, glass_columns_a,
          glass_columns_a
D:4:      layout_basic, lightli_sewer_entry_pipes, uniq_sigmund, uniq_edmund
D:5:      layout_loops_corners, mainiacjoe_overflow_alcove_4,
          mainiacjoe_overflow_swirl, minmay_temple_entry_mini_moons
D:6:      layout_basic, kennysheep_mini_moat, serial_shops, shop_fountains,
          uniq_jeremiah
D:7:      layout_basic, uniq_joseph, uniq_prince_ribbit1
D:8:      layout_loops_ring, nicolae_have_a_lightning_rod, uniq_psyche
D:9:      layout_roguey, grunt_dithmenos_smoke_and_mirrors, david_lair_generic,
          enter_bailey_3
D:10:     layout_roguey, david_orc_2, lightli_orcish_oven
D:11:     layout_layer_cave, chequers_serial_rivers_room_b,
          minmay_sticks_and_stones, uniq_harold, uniq_nergalle
D:12:     layout_irregular_city
D:13:     layout_loops_corners, skrybe_vaults_entry_preservation,
          ploomutoo_gammafunk_ghost_potion_laboratory
Temple:   nicolae_temple_x_marks_the_god
Lair:1:   layout_layer_cave, uniq_fannar
Lair:2:   nzn_winding_woodlands_large [nzn_winding_woodlands_5x5_three,
          nzn_winding_woodlands_5x15_split_checker,
          nzn_winding_woodlands_5x5_open_star,
          nzn_winding_woodlands_center_diamonds,
          nzn_winding_woodlands_15x15_eel_pit,
          nzn_winding_woodlands_center_garden,
          nzn_winding_woodlands_5x5_default, nzn_winding_woodlands_5x15_default,
          nzn_winding_woodlands_5x5_closed_star], layout_loops_ring,
          infiniplex_staircase_pool_2, serial_bayou_shore_b, lemuel_fruit_fields
Lair:3:   layout_chaotic_city, nicolae_shoals_entry_flooding,
          alex1729_snake_entry_snake
Lair:4:   layout_long_grid, slime_entry_1, uniq_urug, uniq_josephine, uniq_sonja
Lair:5:   minmay_lair_end_frog_pond, layout_cave_pods, lemuel_fruit_fields
Orc:1:    layout_caves, uniq_snorg
Orc:2:    st_orc_mages, layout_diamond_mine, serial_shops, bzr_entry_water

Skill      XL: |  1  2  3  4  5  6  7  8  9 10 11 12 13 14 15 |
---------------+----------------------------------------------+-----
Conjurations   | 2 |  2.0
Fighting       | 1 2 3 4 5 6 8 9 |  9.2
Stealth        | 3 4 5 6 |  6.1
Air Magic      | 1 2 3 |  3.0
Ranged Weapons | 1 2 3 5 7 9 11 12 13 14 15 | 15.4
Spellcasting   | 3 5 |  5.1
Alchemy        | 4 5 6 7 8 9 |  9.0
Invocations    | 1 2 4 6 8 9 10 11 | 11.0
Dodging        | 3 4 5 7 8 |  8.2
Shields        | 1 5 6 7 9 10 | 10.8
Translocations | 1 5 |  5.0
Hexes          | 3 5 |  5.7

Action                     |  1- 3 |  4- 6 |  7- 9 | 10-12 | 13-15 || total
---------------------------+-------+-------+-------+-------+-------++-------
  Melee: Short sword       |     5 |       |       |       |       ||     5
         Constrict         |     2 |    16 |       |       |       ||    18
         Dagger            |       |    75 |       |       |       ||    75
         Tentacles         |       |    16 |       |       |       ||    16
         Punch             |       |     2 |       |       |       ||     2
   Fire: Hand cannon       |       |    13 |   117 |    95 |  1019 ||  1244
         Orcbow            |       |       |    79 |   153 |       ||   232
   Cast: Sting             |    83 |    31 |     4 |       |       ||   118
         Mephitic Cloud    |       |     3 |    21 |    16 |    39 ||    79
         Mercury Vapours   |       |     2 |     4 |       |     7 ||    13
         Olgreb's Toxic Ra |       |       |    13 |    14 |    61 ||    88
         Blink             |       |       |       |       |     3 ||     3
 Invoke: Wall of Briars    |       |     1 |     1 |     6 |     2 ||    10
         Grow Ballistomyce |       |       |       |     3 |     2 ||     5
         Grow Oklob        |       |       |       |       |     3 ||     3
  Evoke: Wand              |       |       |     1 |       |     2 ||     3
         Lightning rod     |       |       |       |       |     3 ||     3
    Use: Scroll            |     8 |     1 |    12 |    11 |    15 ||    47
         Potion            |       |       |     3 |     4 |     3 ||    10
   Stab: Sleeping          |       |     5 |       |       |       ||     5
 Armour: Skin              |    11 |    19 |    88 |    93 |   371 ||   582
  Dodge: Dodged            |    15 |    46 |    82 |    47 |   381 ||   571
  Block: Other             |       |    20 |    10 |       |       ||    30
         Reflection        |       |       |     1 |       |     9 ||    10
         Kite shield       |       |       |       |       |   654 ||   654

Table legend: (Time is in decaauts)
 A = Elapsed time spent in this place.
 B = Non-inter-level travel time spent in this place.
 C = Inter-level travel time spent in this place.
 D = Time resting spent in this place.
 E = Time spent auto-exploring this place.
 F = Levels seen in this place.
 G = Mean time per level.
                   A        B        C        D        E       F      G
               +--------+--------+--------+--------+--------+-----+--------+
         Total |  23445 |  22028 |   1417 |   2196 |  14716 |  24 |  976.9 |
       Dungeon |  13018 |  12268 |    750 |    830 |   8966 |  13 | 1001.4 |
        Temple |      1 |      1 |      0 |      0 |      0 |   1 |    1.0 |
          Lair |   6964 |   6674 |    290 |    995 |   4171 |   5 | 1392.8 |
  Orcish Mines |   2396 |   2019 |    377 |    178 |   1106 |   2 | 1198.0 |
        Bazaar |    204 |    204 |      0 |      0 |    108 |   1 |  204.0 |
         Sewer |    546 |    546 |      0 |    156 |    207 |   1 |  546.0 |
        Bailey |    313 |    313 |      0 |     37 |    158 |   1 |  313.0 |
               +--------+--------+--------+--------+--------+-----+--------+

Top non-repeatable levels by time:
  Lair:4: 2218 daAuts
   Orc:2: 1743 daAuts
    D:11: 1532 daAuts
     D:8: 1532 daAuts
     D:5: 1456 daAuts
  Lair:1: 1350 daAuts
  Lair:3: 1340 daAuts
  Lair:2: 1309 daAuts
     D:4: 1296 daAuts
     D:7: 1233 daAuts
     D:6: 1152 daAuts
    D:10: 887 daAuts
     D:1: 879 daAuts
     D:9: 827 daAuts
  Lair:5: 745 daAuts
